 Dungeon Crawl Stone Soup version 0.31.0-11-ge490571c62 (webtiles) character file.

Game seed: 8610803684586811143

44 qw the Shooter (level 3, 0/20 HPs)
             Began as a Deep Elf Hunter on Feb 4, 2024.
             Slain by an orc
             ... wielding a +0 club
              (5 damage)
             ... on level 2 of the Dungeon.
             The game lasted 00:00:02 (976 turns).

qw the Shooter (Deep Elf Hunter)                     Turns: 976, Time: 00:00:03

Health: 0/20       AC:  3    Str: 10    XL:     3   Next: 39%
Magic:  5/5        EV: 12    Int: 13    God:
Gold:   61         SH:  0    Dex: 18    Spells: 2/2 levels left

rFire   . . .        a - +0 shortbow
rCold   . . .        (shield currently unavailable)
rNeg    . . .        c - +0 leather armour
rPois   .            (no helmet)
rElec   .            (no cloak)
rCorr   .            (no gloves)
SInv    .            (no boots)
Will    .....        (no amulet)
Stlth   ++           (no ring)
HPRegen 0.23/turn    (no ring)
MPRegen 0.09/turn

%: no passive effects
@: no status effects
A: no striking features
a: no special abilities


You were on level 2 of the Dungeon.
You visited 1 branch of the dungeon, and saw 2 of its levels.

You collected 61 gold pieces.


   Skills:
 - Level 1.5 Fighting
 + Level 7.0 Ranged Weapons
 - Level 2.4 Dodging
 - Level 1.2 Stealth


You had 2 spell levels left.
You didn't know any spells.
Your spell library was empty.

Inventory:

Hand Weapons
 a - a +0 shortbow (weapon)
Armour
 c - a +0 leather armour (worn)
Scrolls
 b - 2 scrolls of teleportation {unknown}
 e - a scroll of identify
Potions
 d - a potion of resistance
 f - a potion of haste {unknown}
 g - a potion of heal wounds {unknown}
 j - a potion of curing {unknown}

Dungeon Overview and Level Annotations

Branches:
Dungeon (2/15)

Altars:


Message History

The orc is severely wounded.
The adder bites you.
You are poisoned.
The adder poisons you!
You shoot an arrow. The arrow closely misses the adder.
The arrow completely misses the orc.
You feel sick. The adder bites you but does no damage.
The adder barely misses you.
You shoot an arrow. The arrow hits the adder!
You kill the adder!
You feel sick.
You shoot an arrow. The arrow closely misses the orc.
You feel sick.
You are no longer poisoned.
You shoot an arrow. The arrow completely misses the orc.
You shoot an arrow.
The arrow hits the orc but does no damage.
The orc is heavily wounded.
The orc barely misses you.
You shoot an arrow.
The arrow hits the orc but does no damage.
The orc is heavily wounded.
You shoot an arrow.
The arrow hits the orc but does no damage.
The orc is heavily wounded.
The orc barely misses you. The orc hits you with a +0 club. The orc misses you.
The orc hits you with a +0 club. The orc closely misses you.
You shoot an arrow. The arrow barely misses the orc.
The orc hits you with a +0 club. The orc completely misses you.
The orc misses you.
You shoot an arrow. The arrow closely misses the orc.
The orc hits you with a +0 club. The orc closely misses you.
The orc hits you with a +0 club.
You shoot an arrow. The arrow hits the orc!
You kill the orc!
The orc hits you with a +0 club. The orc closely misses you.
Your Ranged Weapons skill increases to level 7!
You shoot an arrow. The arrow closely misses the orc.
The orc misses you. The orc hits you with a +0 club.
You die...

.... o. #.# .... #.
##.## .....#. #..?#
.....#o### #...#####
...%...# #...#...
.[.#.######...#.###
#)#.##...........##
#.o)..............#
#o#@##...........)#
...#o####.#.>.#.##.##
.......#
#.#...#......
#####.###
#......#.##.## ..
#..#...#.##... ###
#..##..#)##### ....
.....# .#. .##.### ##
. #.#


You could see 2 orcs.

Vanquished Creatures
  An adder (D:2)
  A dart slug (D:1)
  2 orcs (D:2)
  6 endoplasms
  2 goblins (D:1)
  4 quokkas (D:1)
  2 ball pythons
  4 bats
  A frilled lizard (D:1)
  3 kobolds (D:2)
  4 rats
30 creatures vanquished.

Notes
Turn   | Place    | Note
-------+----------+-------------------------------------------
     0 | D:1      | qw the Deep Elf Hunter began the quest for the Orb.
     0 | D:1      | Reached XP level 1. HP: 12/12 MP: 3/3
     0 | D:1      | 0 ||| qw: Version: 0.3-a-160-g6735b56
     0 | D:1      | 0 ||| qw: Game counter: 5145
     0 | D:1      | 0 ||| qw: Melee chars always use a shield: true
     0 | D:1      | 0 ||| qw: God list: Okawaru
     0 | D:1      | 0 ||| qw: Allow faded altars: false
     0 | D:1      | 0 ||| qw: Do Orc after clearing Dungeon:15 true
     0 | D:1      | 0 ||| qw: Do second Lair branch before Depths: true
     0 | D:1      | 0 ||| qw: Lair rune preference: random
     0 | D:1      | 0 ||| qw: Goals: Normal
     0 | D:1      | 0 ||| PLANNING D:1-11
   102 | D:1      | Reached XP level 2. HP: 14/16 MP: 4/4
   105 | D:1      | Reached skill level 6 in Ranged Weapons
   265 | D:1      | Found a faded altar of an unknown god.
   751 | D:1      | 751 ||| READING scroll labelled POMMUYQUUK.
   751 | D:1      | 751 ||| IDENTIFYING smoky grey potion
   752 | D:1      | 752 ||| READING scroll labelled OSTO GOOBB.
   753 | D:1      | 753 ||| READING scroll labelled KOILE YVUSU.
   854 | D:1      | 854 ||| DROPPING scroll of butterflies.
   927 | D:2      | Reached XP level 3. HP: 20/20 MP: 5/5
   960 | D:2      | 960 ||| RETREEEEATING.
   974 | D:2      | HP: 5/20 [orc/+0 club (1)]
   976 | D:2      | Reached skill level 7 in Ranged Weapons
   976 | D:2      | Slain by an orc

Levels and vault maps discovered:
D:1:      minmay_arrival_pointy, layout_basic, chequers_ecumenical_altar_twisty
D:2:      layout_loops_cross, minmay_tromino_v4_a

Skill      XL: |  1  2  3 |
---------------+----------+-----
Ranged Weapons | 6 7 |  7.0
Fighting       | |  1.5
Dodging        | |  2.4
Stealth        | |  1.2

Action                     || total
---------------------------++-------
   Fire: Shortbow          ||    67
    Use: Scroll            ||     3
 Armour: Leather armour    ||    18
  Dodge: Dodged            ||    20

Table legend:
 A = Non-vault XP
 B = Vault XP
 C = Vault XP percentage of total XP
 D = Non-vault monster count
 E = Vault monster count
 F = Vault count percentage of total count
                 A         B        C        D         E       F
            +---------+---------+-------+---------+---------+-------
      Total |      63 |       0 |   0.0 |      30 |       0 |   0.0
            +---------+---------+-------+---------+---------+-------
        D:1 |      33 |       0 |   0.0 |      19 |       0 |   0.0
        D:2 |      30 |       0 |   0.0 |      11 |       0 |   0.0
            +---------+---------+-------+---------+---------+-------
